 Dungeon Crawl Stone Soup version 0.28-a0-401-ge240ad9e29 (webtiles) character file.

Game seed: 11366983886662584585

7313 dolemite99 the Spear-Bearer (level 11, -7/80 HPs)
             Began as a Merfolk Abyssal Knight on Sept 4, 2021.
             Was a Priest of Lugonu.
             Mangled by a boulder beetle (9 damage)
             ... on level 9 of the Dungeon on Sept 5, 2021.
             The game lasted 00:20:18 (12915 turns).

dolemite99 the Spear-Bearer (MfAK)                 Turns: 12915, Time: 00:20:18

Health: -7/80      AC: 20    Str: 16    XL:     11   Next: 13%
Magic:  18/18      EV: 14    Int: 14    God:    Lugonu [***...]
Gold:   246        SH:  0    Dex: 14    Spells: 8/10 levels left

rFire   . . .      SeeInvis .   a - +4 trident (venom)
rCold   + . .      Faith    .   (no shield)
rNeg    . . .      Spirit   .   d - +5 ring mail of Vimeoc {rC+}
rPois   .          Reflect  .   p - +2 helmet {Int+3}
rElec   .          Harm     .   r - +2 cloak
rCorr   .          Rampage  .   i - +2 pair of gloves
Will    .....                   F - +0 pair of boots
Stlth   +.........              (no amulet)
HPRegen 0.23/turn               (no ring)
MPRegen 0.16/turn               (no ring)

@: no status effects
A: (nimble swimmer 2), mertail
a: Renounce Religion, Depart the Abyss, Bend Space, Banish


You were on level 9 of the Dungeon.
You worshipped Lugonu.
Lugonu was most pleased with you.
You visited 1 branch of the dungeon, and saw 9 of its levels.
You visited the Abyss 1 time.

You collected 1868 gold pieces.
You spent 1622 gold pieces at shops.

Inventory:

Hand Weapons
 a - a +4 trident of venom (weapon)
 b - a +0 hunting sling
 o - a +0 hunting sling
 z - a +1 trident
 B - the +9 war axe of Spontaneous Combustion {freeze, rCorr Int+8}
   (You took it off a centaur on level 7 of the Dungeon)

   It freezes those it strikes, dealing additional cold damage.
   It can also slow down cold-blooded creatures.
   Int:       It affects your intelligence (+8).
   rCorr:     It protects you from acid and corrosion.
Missiles
 c - 312 stones
 e - 48 poisoned darts (quivered)
 s - 70 sling bullets
 t - 174 arrows
 x - 74 bolts
Armour
 d - the +5 ring mail of Vimeoc (worn) {rC+}
   (You found it on level 4 of the Dungeon)

   rC:        It protects you from cold.
 i - a +2 pair of gloves (worn)
 p - a +2 helmet of intelligence (worn)
 r - a +2 cloak (worn)
 F - a +0 pair of boots (worn)
Magical Staves
 A - a staff of earth
Jewellery
 l - a ring of protection from fire
Wands
 j - a wand of polymorph (6)
 q - a wand of digging (3)
 D - a wand of iceblast (14)
Scrolls
 f - 7 scrolls of identify {@r1}
 h - 3 scrolls of teleportation
 k - a scroll of holy word
 n - 4 scrolls of fog
 G - a scroll of blinking
Potions
 g - a potion of magic
 m - a potion of mutation
 u - 4 potions of brilliance
 v - a potion of flight
 H - a potion of ambrosia {unknown}


   Skills:
 - Level 5.3 Fighting
 - Level 13.1 Polearms
 - Level 3.2(5.1) Slings
 - Level 7.5(8.0) Throwing
 - Level 0.6 Armour
 + Level 8.1 Dodging
 - Level 9.6 Invocations


You had 8 spell levels left.
You knew the following spells:

 Your Spells              Type           Power      Damage    Failure   Level
a - Passwall              Tmut/Erth      0%         N/A       63%         2

Your spell library contained the following spells:

 Spells                   Type           Power      Damage    Failure   Level
 Magic Dart               Conj           0%         1d3       50%         1
 Sandblast                Erth           0%         2d4       50%         1
 Sting                    Tmut/Pois      0%         1d3       50%         1
 Summon Small Mammal      Summ           0%         N/A       50%         1
 Call Imp                 Summ           0%         N/A       63%         2
 Corpse Rot               Necr/Air       N/A        N/A       63%         2
 Poisonous Vapours        Pois/Air       0%         N/A       63%         2
 Slow                     Hex            0%         N/A       63%         2
 Sublimation of Blood     Necr           0%         N/A       63%         2
 Wereblood                Tmut           0%         N/A       63%         2
 Call Canine Familiar     Summ           0%         N/A       86%         3
 Confusing Touch          Hex            0%         N/A       86%         3
 Conjure Flame            Conj/Fire      0%         6-21      86%         3
 Frozen Ramparts          Ice            0%         1d2       86%         3
 Ignite Poison            Fire/Tmut/Pois 0%         N/A       86%         3
 Mephitic Cloud           Conj/Pois/Air  0%         N/A       86%         3
 Ozocubu's Armour         Ice            0%         N/A       86%         3
 Stone Arrow              Conj/Erth      0%         3d7       86%         3
 Summon Guardian Golem    Hex/Summ       0%         N/A       86%         3
 Vampiric Draining        Necr           0%         2d6       86%         3
 Dispel Undead            Necr           0%         3d6       99%         4
 Ice Form                 Ice/Tmut       0%         N/A       99%         4
 Leda's Liquefaction      Hex/Erth       0%         N/A       99%         4
 Olgreb's Toxic Radiance  Pois           0%         N/A       99%         4
 Sticky Flame             Conj/Fire      0%         2d3       99%         4
 Summon Ice Beast         Ice/Summ       0%         N/A       99%         4
 Borgnjor's Vile Clutch   Necr/Erth      0%         N/A       100%        5
 Lee's Rapid Deconstruct  Erth           0%         3d5*      100%        5
 Metabolic Englaciation   Hex/Ice        0%         N/A       100%        5
 Death Channel            Necr           0%         N/A       100%        6
 Simulacrum               Ice/Necr       0%         N/A       100%        6
 Statue Form              Tmut/Erth      0%         N/A       100%        6
 Summon Hydra             Summ           0%         N/A       100%        7
 Lehudib's Crystal Spear  Conj/Erth      0%         10d2      100%        8


Dungeon Overview and Level Annotations

Branches:
Dungeon (9/15)             Temple (0/1) D:4
   Lair: D:8-11         Orc: D:9-12

Altars:
Gozag
Kikubaaqudgha
Makhleb
Nemelex Xobeh
Qazlal
Trog
Uskayaw
Vehumet
Xom
Yredelemnul
Zin
Jiyva

Shops:
D:3 ?**   D:6 (   D:8 =

Annotations:
D:5 exclusion: statue
D:7 exclusion: downstairs
D:9 2 transporters, Erica


Innate Abilities, Weirdness & Mutations

((You are quick and stealthy near water. (Stealth+, EV+, Speed+++)))
Your lower body shifts to a powerful aquatic tail in water.


Message History

Press: ? - help, Q - select action, (/) - cycle Shift-Dir - straight line, f/p - boulder beetle
Aim: a boulder beetle (very poisoned, 91% to hit)
You throw a poisoned dart.
The poisoned dart hits the boulder beetle!
The boulder beetle looks as sick as possible!
The boulder beetle curls into a ball and begins rolling!
Throw: 52 darts (poison)
Press: ? - help, Q - select action, (/) - cycle Shift-Dir - straight line, f/p - boulder beetle
Aim: a boulder beetle (lightly wounded, rolling, extremely poisoned, 91% to hit)
You throw a poisoned dart.
The poisoned dart hits the boulder beetle.
The boulder beetle is lightly wounded.
Throw: 51 darts (poison)
Press: ? - help, Q - select action, (/) - cycle Shift-Dir - straight line, f/p - boulder beetle
Aim: a boulder beetle (moderately wounded, rolling, extremely poisoned, 91% to hit)
You throw a poisoned dart.
The poisoned dart barely misses the boulder beetle.
The boulder beetle hits you!
The boulder beetle stops rolling and uncurls.
Throw: 50 darts (poison)
Press: ? - help, Q - select action, (/) - cycle Shift-Dir - straight line, f/p - boulder beetle
Aim: a boulder beetle (moderately wounded, very poisoned, 91% to hit)
You throw a poisoned dart.
The poisoned dart hits the boulder beetle.
The boulder beetle looks as sick as possible!
The boulder beetle is moderately wounded.
The boulder beetle closely misses you.
The boulder beetle curls into a ball and begins rolling!
The boulder beetle hits you!!
* * * LOW HITPOINT WARNING * * *
The boulder beetle stops rolling and uncurls.
The boulder beetle curls into a ball and begins rolling!
Throw: 49 darts (poison)
Press: ? - help, Q - select action, (/) - cycle Shift-Dir - straight line, f/p - boulder beetle
Aim: a boulder beetle (almost dead, rolling, very poisoned, 91% to hit)
You throw a poisoned dart.
The poisoned dart hits the boulder beetle.
The boulder beetle is almost dead.
The boulder beetle hits you!
You die...

.# #..##..'................ .#
#..##.###8###8##.##8##8# .#
#......#### ####.####### .#
#........# #8.8# .# #........#
##.## .# #........# ##.## .#
#........# ..#8.8# ##
################....##.## ..
#..((.......B@......##.## ...
#...#..#..#○.#..#...#8.8#.#...
#+##.........°........###.##....#
°.....#+##......####### #'##....#
..##..# #.#....# #....#..#
......# #......# #.......#
.>.#### ...##### #.......# ...#
#.#.# #.......[ ...# #.#.+
#...#####


You could see a boulder beetle (rolling, very poisoned).

Vanquished Creatures
  A hydra (D:9)
  4 yaks (D:9)
  3 wyverns
  A basilisk (D:8)
  2 steam dragons
  Edmund (D:4)
  3 water moccasins
  An orc warrior (D:5)
  2 sky beasts
  A black bear (D:6)
  3 necrophages
  2 ogres
  3 centaurs
  A kobold brigand (D:8)
  6 bullfrogs
  2 scorpions (D:6)
  2 wyvern zombies (D:8)
  A wyvern skeleton (D:7)
  A water moccasin skeleton (D:4)
  A killer bee (D:8)
  4 howler monkeys
  10 wights
  4 centaur zombies
  2 hounds
  2 orc priests
  A jelly (D:5)
  A gnoll shaman (D:6)
  Jessica (D:2)
  A centaur skeleton (D:7)
  2 orc wizards
  Ijyb (D:3)
  3 iguanas
  A hound skeleton (D:4)
  A howler monkey zombie (D:9)
  3 gnolls (D:6)
  7 adders
  A white imp (D:6)
  An adder zombie (D:3)
  6 dart slugs
  18 orcs
  3 bats
  5 endoplasms
  2 giant cockroaches
  3 goblins
  5 hobgoblins
  8 jackals (D:2)
  3 quokkas
  3 frilled lizards
  4 kobolds
  2 rats
149 creatures vanquished.

Vanquished Creatures (others)
  A wizard (D:4)
1 creature vanquished.

Grand Total: 150 creatures vanquished

Notes
Turn   | Place    | Note
-------+----------+-------------------------------------------
     0 | Abyss:1  | dolemite99 the Merfolk Abyssal Knight began the quest for
                  | the Orb.
     0 | Abyss:1  | Reached XP level 1. HP: 18/18 MP: 2/2
     1 | Abyss:1  | Found a corrupted altar of Lugonu.
    47 | Abyss:1  | Noticed an efreet
    48 | D:1      | Escaped the Abyss
   110 | D:1      | Found a faded altar of an unknown god.
   706 | D:1      | Reached skill level 4 in Polearms
   706 | D:1      | Reached XP level 2. HP: 24/24 MP: 3/3
  1027 | D:1      | Got the Guide on Earth
  1320 | D:2      | Reached * piety under Lugonu
  1330 | D:2      | Reached skill level 5 in Polearms
  1330 | D:2      | Reached XP level 3. HP: 24/29 MP: 4/4
  1532 | D:2      | Noticed Jessica
  1548 | D:2      | Killed Jessica
  1549 | D:2      | Reached skill level 6 in Polearms
  2099 | D:2      | Reached XP level 4. HP: 35/35 MP: 5/5
  2583 | D:3      | Reached skill level 7 in Polearms
  2583 | D:3      | Reached XP level 5. HP: 38/41 MP: 6/6
  2702 | D:3      | Found Muobbom's General Store.
  2705 | D:3      | Bought a scroll of identify for 22 gold pieces
  2705 | D:3      | Identified a scroll of acquirement
  2706 | D:3      | Acquired 591 gold pieces
  2708 | D:3      | Bought a scroll of acquirement for 572 gold pieces
  2708 | D:3      | Acquired 713 gold pieces
  2710 | D:3      | Bought a potion of might for 44 gold pieces
  2710 | D:3      | Bought a scroll of fog for 22 gold pieces
  2710 | D:3      | Bought a +2 helmet of intelligence for 236 gold pieces
  2718 | D:3      | Learned a level 2 spell: Passwall
  2720 | D:3      | Bought a scroll of identify for 22 gold pieces
  2720 | D:3      | Bought a Young Poisoner's Handbook for 220 gold pieces
  2812 | D:3      | Found Sosafas's General Store.
  2866 | D:3      | Bought a potion of curing for 36 gold pieces
  2866 | D:3      | Bought a scroll of identify for 24 gold pieces
  2866 | D:3      | Bought a potion of haste for 120 gold pieces
  3265 | D:3      | Found a sparkling altar of Nemelex Xobeh.
  3323 | D:3      | Found Ashre's Magic Scroll Emporium.
  3338 | D:3      | Bought a scroll of teleportation for 42 gold pieces
  3415 | D:3      | Noticed Ijyb
  3427 | D:3      | Killed Ijyb
  3428 | D:3      | Reached skill level 8 in Polearms
  3503 | D:3      | Found a basalt altar of Yredelemnul.
  3608 | D:4      | Reached XP level 6. HP: 38/47 MP: 7/7
  3713 | D:4      | Noticed Edmund
  3725 | D:4      | Killed Edmund
  3726 | D:4      | Reached skill level 9 in Polearms
  3931 | D:4      | Found a staircase to the Ecumenical Temple.
  3934 | D:4      | Reached ** piety under Lugonu
  4010 | D:4      | Noticed a necrophage
  4024 | D:4      | Killed a necrophage
  4025 | D:4      | Reached skill level 10 in Polearms
  4025 | D:4      | Reached XP level 7. HP: 42/52 MP: 8/8
  4149 | D:4      | Reached skill level 11 in Polearms
  4505 | D:4      | Found a glowing silver altar of Zin.
  4505 | D:4      | Noticed an angel
  4702 | D:4      | Found a bloodstained altar of Trog.
  4703 | D:4      | Noticed a wizard
  4708 | D:4      | Killed a wizard
  4909 | D:4      | Identified the +5 ring mail of Vimeoc {rC+}
  5155 | D:5      | Entered Level 5 of the Dungeon
  5310 | D:5      | Reached skill level 12 in Polearms
  5696 | D:5      | Reached XP level 8. HP: 48/58 MP: 9/9
  5755 | D:5      | Found a hide-covered altar of Uskayaw.
  5906 | D:5      | Reached skill level 13 in Polearms
  6043 | D:5      | Found a radiant altar of Vehumet.
  6271 | D:5      | Found a burning altar of Makhleb.
  7007 | D:6      | Identified the +1 scale mail "Hurul" {Dex+3}
  7028 | D:6      | Reached skill level 5 in Invocations
  7358 | D:6      | Found an ancient bone altar of Kikubaaqudgha.
  7612 | D:6      | Reached XP level 9. HP: 63/64 MP: 12/14
  7771 | D:6      | Found Lets's Weapon Shop.
  7780 | D:6      | Bought a +4 trident of venom for 262 gold pieces
  7914 | D:7      | Identified the +9 war axe of Spontaneous Combustion
                  | {freeze, rCorr Int+8}
  8071 | D:7      | Reached *** piety under Lugonu
  8600 | D:7      | Found a shimmering altar of Xom.
  9434 | D:7      | Found a stormy altar of Qazlal.
  9528 | D:7      | Found an opulent altar of Gozag.
  9617 | D:8      | Noticed a two-headed ogre
  9816 | D:8      | Reached skill level 5 in Fighting
  9879 | D:8      | Found Saumedoe's Jewellery Shoppe.
 10062 | D:8      | Reached skill level 1 in Slings
 10692 | D:8      | Reached XP level 10. HP: 72/74 MP: 17/17
 11000 | D:8      | Reached skill level 1 in Throwing
 11481 | D:8      | Banished a two-headed ogre
 11482 | D:8      | Reached skill level 5 in Throwing
 11673 | D:8      | Noticed a two-headed ogre
 11673 | D:8      | Noticed a centaur warrior
 11678 | D:8      | Banished a centaur warrior
 11968 | D:9      | Found a transporter.
 11973 | D:9      | Found a viscous altar of Jiyva.
 12017 | D:9      | Found a transporter.
 12280 | D:9      | Noticed Erica
 12280 | D:9      | Noticed a four-headed hydra
 12690 | D:9      | Reached skill level 5 in Dodging
 12874 | D:9      | Killed a four-headed hydra
 12875 | D:9      | Reached XP level 11. HP: 77/80 MP: 18/18
 12887 | D:9      | Noticed a boulder beetle
 12912 | D:9      | HP: 1/80 [boulder beetle (35)]
 12915 | D:9      | Mangled by a boulder beetle

Illustrated notes

Levels and vault maps discovered:
D:1:      sevenhm_arrival_forest_fort_large_2, layout_loops_ring,
          basic_ecumenical_altar
D:2:      layout_basic, kennysheep_nub, uniq_jessica
D:3:      layout_loops_ring, mainiacjoe_overflow_small_starburst,
          mainiacjoe_overflow_alcove_1, serial_shops, shop, nicolae_shop_trees,
          nicolae_diamond_shop, uniq_ijyb
D:4:      layout_loops_ring, zin_angel, trog_wizard,
          minmay_temple_entry_junction_2, roderic_nine_men_s_morris, uniq_edmund
D:5:      layout_loops_corners, eat_drink_and_be_merry_uskayaw, vehumet_statue,
          mainiacjoe_overflow_surrounded_room, minmay_misc_feat_ornament,
          kennysheep_dice
D:6:      layout_gridville, old_standard_altar, serial_shops, shop
D:7:      layout_rooms, nicolae_qazlal_style_of_elements, lemuel_crystal_altar,
          general_overflow_altar
D:8:      nzn_winding_woodlands_stair_cross [nzn_winding_woodlands_5x15_default,
          nzn_winding_woodlands_center_pierced_h,
          nzn_winding_woodlands_5x15_pool, nzn_winding_woodlands_5x5_three,
          nzn_winding_woodlands_5x5_perimeter,
          nzn_winding_woodlands_5x15_sawtooth,
          nzn_winding_woodlands_center_diamonds,
          nzn_winding_woodlands_5x15_jagged], layout_basic,
          nicolae_ru_the_path_less_chosen, serial_shops, shop_fountains
D:9:      gammafunk_jiyva_shrine, layout_stronghold,
          mainiacjoe_overflow_alcove_4, dk_noncrumbling_2,
          kennysheep_generic_room_3, uniq_erica

Skill      XL: |  1  2  3  4  5  6  7  8  9 10 11 |
---------------+----------------------------------+-----
Polearms       | 4 5 6 7 8 10 12 13 | 13.1
Invocations    | 7 9 |  9.6
Fighting       | 5 |  5.3
Slings         | 2 3 |  3.2
Throwing       | 7 |  7.5
Dodging        | 7 8 |  8.1
Armour         | |  0.6

Action                   |  1- 3 |  4- 6 |  7- 9 | 10-12 || total
-------------------------+-------+-------+-------+-------++-------
Melee: Spear             |    74 |   105 |       |       ||   179
       Trident           |       |    48 |   372 |   142 ||   562
       Unarmed           |       |       |     7 |       ||     7
 Fire: Hunting sling     |       |       |    13 |       ||    13
Throw: Dart              |       |       |    30 |    29 ||    59
       Stone             |       |       |    11 |       ||    11
Invok: Depart the Abyss  |     1 |       |       |       ||     1
       Banish            |       |       |     3 |     4 ||     7
Evoke: Wand              |       |       |     9 |       ||     9
  Use: Scroll            |     1 |     5 |    11 |     3 ||    20
       Potion            |       |     3 |     3 |     3 ||     9
Armor: Leather armour    |     3 |       |       |       ||     3
       Ring mail         |    26 |    27 |   135 |    55 ||   243
       Scale mail        |       |    35 |    20 |       ||    55
       Chain mail        |       |       |     3 |       ||     3
       Skin              |       |       |    10 |    25 ||    35
Dodge: Dodged            |    30 |    63 |   155 |    73 ||   321

Table legend: (Time is in decaauts)
 A = Elapsed time spent in this place.
 B = Non-inter-level travel time spent in this place.
 C = Inter-level travel time spent in this place.
 D = Time resting spent in this place.
 E = Time spent auto-exploring this place.
 F = Levels seen in this place.
 G = Mean time per level.
                   A        B        C        D        E       F      G
               +--------+--------+--------+--------+--------+-----+--------+
         Total |  12663 |  12238 |    425 |   4703 |   5041 |  10 | 1266.3 |
       Dungeon |  12615 |  12190 |    425 |   4703 |   4997 |   9 | 1401.7 |
         Abyss |     48 |     48 |      0 |      0 |     44 |   1 |   48.0 |
               +--------+--------+--------+--------+--------+-----+--------+

Top non-repeatable levels by time:
     D:8: 2240 daAuts
     D:6: 1726 daAuts
     D:4: 1575 daAuts
     D:5: 1575 daAuts
     D:2: 1238 daAuts
     D:1: 1228 daAuts
     D:3: 1115 daAuts
     D:7: 979 daAuts
     D:9: 936 daAuts
 Abyss:1: 48 daAuts
